 Dungeon Crawl Stone Soup version 0.27.0-1-g7a089689b8 (webtiles) character file.

Game seed: 11424351231314326055

50 sanka the Poker (level 3, -8/29 HPs)
             Began as a Mummy Abyssal Knight on Aug 1, 2021.
             Was a Believer of Lugonu.
             Mangled by an orc (9 damage)
             ... on level 3 of the Dungeon.
             The game lasted 00:02:55 (2084 turns).

sanka the Poker (Mummy Abyssal Knight)              Turns: 2084, Time: 00:02:55

Health: -8/29      AC:  5    Str: 16    XL:     3   Next: 55%
Magic:  4/4        EV: 10    Int: 11    God:    Lugonu [**....]
Gold:   59         SH:  0    Dex: 11    Spells: 2/2 levels left

rFire    x . .     SeeInvis .   i - +0 trident
rCold    + . .     Faith    .   (no shield)
rNeg     + + +     Spirit   .   g - +0 ring mail
rPois    ∞         Reflect  .   (no helmet)
rElec    .         Harm     .   (no cloak)
rCorr    .         Rampage  .   (no gloves)
Will     .....                  (no boots)
Stlth    +.........             (no amulet)
HPRegen  0.09/turn              (no ring)
MPRegen  0.09/turn              (no ring)

@: no status effects
A: cold resistance 1, negative energy resistance 3, torment resistance 2, heat
vulnerability 1, no potions
a: Renounce Religion, Depart the Abyss, Bend Space


You were on level 3 of the Dungeon.
You worshipped Lugonu.
Lugonu was pleased with you.
You visited 1 branch of the dungeon, and saw 3 of its levels.
You visited the Abyss 1 time.

You collected 59 gold pieces.


Innate Abilities, Weirdness & Mutations

You are immune to poison.
Your flesh is cold resistant. (rC+)
You are immune to negative energy. (rN+++)
You are immune to unholy pain and torment.
You are vulnerable to heat. (rF-)
You do not drink.


   Skills:
 - Level 3.0 Fighting
 + Level 3.3 Polearms
 - Level 1.5 Armour
 - Level 0.7 Dodging
 - Level 1.5 Invocations


You had 2 spell levels left.
You didn't know any spells.
Your spell library contained the following spells:

 Spells                   Type           Power      Damage    Failure   Level
 Gell's Gravitas          Tloc           0%         N/A       89%         3
 Teleport Other           Tloc           0%         N/A       89%         3
 Dispersal                Tloc           0%         N/A       100%        6

Inventory:

Hand Weapons
 a - a +1 spear
 i - a +0 trident (weapon)
Missiles
 l - 7 poisoned darts
Armour
 b - a +0 leather armour
 g - a +0 ring mail (worn)
Wands
 n - a wand of acid (8)
Scrolls
 c - a scroll of enchant weapon {unknown}
 d - 2 scrolls of identify {unknown}
 e - a scroll of fog {unknown}
 f - a scroll of amnesia {unknown}
 h - a scroll of blinking {unknown}
 j - a scroll of torment {unknown}
 k - a scroll of brand weapon {unknown}
 m - a scroll of magic mapping {unknown}

Dungeon Overview and Level Annotations

Branches:
Dungeon (3/15)

Altars:

Shops:
D:1

= ..▒.▒▒▒▒▒▒▒ .▒ ....... ▒..
.▒ ▒▒......▒▒▒ ▒..
.▒▒▒..▒▒▒▒...▒▒▒ ▒.▒
.....>...▒▒▒...▒ ▒.▒
▒▒...▒▒▒.)).▒▒.▒▒ ▒.▒ ..
......▒▒▒▒▒.▒▒..▒ ▒.▒ ▒o..
......▒ ▒..▒▒.▒▒▒▒▒▒▒▒.▒▒...♣
......▒ ▒▒....Mooo..▒▒....▒
▒▒!.............▒▒▒▒▒......▒▒
▒▒..≈≈≈≈.≈≈≈≈≈..▒ ▒▒▒▒▒..!...
▒..≈≈≈≈.≈≈≈≈≈..... ▒▒....▒
≈≈≈≈.≈≈≈≈≈..... ▒....
≈≈≈≈.≈≈≈≈≈..... ....
≈≈≈≈........... ...
......≈≈≈≈....> ..


You could see 3 orcs.


Message History

The orc hits you with a +0 flail.
You hit the orc but do no damage.
The orc is lightly wounded.
The orc hits you with a +0 flail!
* * * LOW HITPOINT WARNING * * *
Your ring mail prevents you from hitting the orc.
The orc is lightly wounded.
The orc barely misses you.
You completely miss the orc.
The orc is lightly wounded.
The orc barely misses you.
You barely miss the orc.
The orc is lightly wounded.
The orc misses you.
You completely miss the orc.
The orc is lightly wounded.
The orc barely misses you.
You hit the orc but do no damage.
The orc is lightly wounded.
The orc hits you with a +0 flail.
* * * LOW HITPOINT WARNING * * *
You hit the orc.
The orc is almost dead.
The orc closely misses you. The orc hits you with a +0 flail.
* * * LOW HITPOINT WARNING * * *
You barely miss the orc.
The orc is almost dead.
The orc hits you with a +0 flail!
You die...

Action                   || total
-------------------------++-------
Melee: Spear             ||    59
       Trident           ||   105
Armor: Leather armour    ||     5
       Ring mail         ||    33
Dodge: Dodged            ||    77

Levels and vault maps discovered:
D:1:      scummos_arrival_checkerplants, layout_basic,
          shapermc_ecumenical_altar_flowoftime, serial_shops, shop,
          minmay_misc_feat_square, minmay_split_cup_large
D:2:      layout_rooms
D:3:      layout_rooms, minivault_14, minmay_tree_intersection,
          grunt_ministairs_13

Notes
Turn   | Place    | Note
-------+----------+-------------------------------------------
     0 | Abyss:1  | sanka the Mummy Abyssal Knight began the quest for the Orb.
     0 | Abyss:1  | Reached XP level 1. HP: 18/18 MP: 2/2
    36 | D:1      | Escaped the Abyss
   137 | D:1      | Reached skill level 2 in Polearms
   165 | D:1      | Found a faded altar of an unknown god.
   214 | D:1      | Found Mian's Jewellery Emporium.
   350 | D:1      | Reached XP level 2. HP: 17/24 MP: 3/3
  1244 | D:2      | Reached ** piety under Lugonu
  1268 | D:2      | Reached XP level 3. HP: 24/29 MP: 4/4
  1330 | D:2      | Reached skill level 3 in Polearms
  2083 | D:3      | HP: 1/29 [orc (4)]
  2084 | D:3      | Mangled by an orc

Vanquished Creatures
  A worm (D:2)
  2 dart slugs
  An orc (D:3)
  3 ball pythons
  2 endoplasms
  7 goblins
  2 jackals (D:1)
  6 kobolds
  2 quokkas
  6 bats
  5 frilled lizards
  7 rats
44 creatures vanquished.
